 Dungeon Crawl Stone Soup version 0.18.1-48-g4cf74bf (webtiles) character file.

3793 Inkary the Protected (level 9, -8/82 HPs)
             Began as a Minotaur Fighter on Aug 13, 2016.
             Was a Priest of Nemelex Xobeh.
             Killed from afar by an electric eel (10 damage)
             ... with a bolt of electricity
             ... on level 9 of the Dungeon.
             The game lasted 00:14:15 (6229 turns).

Inkary the Protected (Minotaur Fighter)             Turns: 6229, Time: 00:14:16

Health: -8/82      AC:  7    Str: 22    XL:     9   Next: 96%
Magic:  11/11      EV:  9    Int:  8    God:    Nemelex Xobeh [***...]
Gold:   362        SH: 12    Dex: 15    Spells: 1 memorised, 6 levels left

rFire  . . .     SeeInvis .     H - +2 flail (crush)
rCold  . . .     Gourm    .     I - +1 leather armour {MR+}
rNeg   . . .     Faith    .     c - +0 shield
rPois  .         Spirit   .     (helmet restricted)
rElec  .         Dismiss  .     w - +0 cloak
rCorr  .         Reflect  .     n - +0 pair of gloves
SustAt .         Harm     .     (no boots)
MR     +....                    t - amulet of rage
Stlth  +.........               s - +2 ring of dexterity
                                B - +4 ring of intelligence

@: lethally poisoned (-8 -> -17), slowed, very slow, somewhat resistant to
hostile enchantments, very unstealthy
A: retaliatory headbutt, horns 2
a: Triple Draw, Renounce Religion, Evoke Berserk Rage


You were on level 9 of the Dungeon.
You worshipped Nemelex Xobeh.
Nemelex Xobeh was most pleased with you.
You were not hungry.

You visited 1 branch of the dungeon, and saw 9 of its levels.

You collected 362 gold pieces.

Inventory:

Hand Weapons
 H - a +2 flail of crushing (weapon)
Missiles
 G - a throwing net (quivered)
Armour
 c - a +0 shield (worn)
 n - a +0 pair of gloves (worn)
 w - a +0 cloak (worn)
 I - a +1 leather armour of magic resistance (worn)
Jewellery
 s - a +2 ring of dexterity (right hand)
 t - an amulet of rage (around neck)
 B - a +4 ring of intelligence (left hand)
Wands
 F - a wand of lightning (11/15)
 O - a wand of random effects (22/48)
 P - a wand of acid (1/15)
Scrolls
 a - a scroll of fear {unknown}
 j - 2 scrolls of amnesia {unknown}
 m - 2 scrolls of teleportation {unknown}
 r - 4 scrolls of remove curse
 u - 4 scrolls of noise {unknown}
 x - 2 scrolls of magic mapping {unknown}
 y - 2 scrolls of enchant armour {unknown}
 z - 2 scrolls of recharging {unknown}
 A - a scroll of blinking {unknown}
 C - 3 scrolls of immolation {unknown}
 M - 2 scrolls of random uselessness {unknown}
 Q - a scroll of fog {unknown}
 S - a scroll of holy word {unknown}
 T - a scroll of enchant weapon {unknown}
Potions
 d - a potion of might
 e - a potion of flight
 g - a potion of mutation
 k - 3 potions of heal wounds
 p - a potion of curing {unknown}
 E - a potion of degeneration
 J - a potion of cancellation
 L - 2 potions of resistance
 N - 2 potions of lignification
Books
 D - a book of Spatial Translocations

   Spells                             Type                      Level
   a - Apportation                    Translocation                1
   b - Blink                          Translocation                2
   c - Shroud of Golubria             Charms/Translocation         2
   d - Portal Projectile              Translocation                3
   e - Teleport Other                 Translocation                3
   f - Passage of Golubria            Translocation                4
Miscellaneous
 b - a legendary deck of destruction
 h - a plain deck of war {drawn: 6}
 K - a plain deck of war
 R - an ornate deck of destruction
Comestibles
 f - 7 bread rations
 i - 5 meat rations
 l - 2 slices of pizza
 q - 2 fruits
 v - 5 beef jerkies
 U - 10 royal jellies


   Skills:
 + Level 8.7 Fighting
 + Level 8.0 Maces & Flails
 + Level 8.7 Armour
 + Level 8.5 Shields
 + Level 5.3 Evocations


You had 6 spell levels left.
You knew the following spells:

 Your Spells              Type           Power        Failure   Level  Hunger
a - Blink                 Tloc           N/A          98%         2    ###....


Dungeon Overview and Level Annotations

Branches:
Dungeon (9/15)             Temple (0/1) D:5
   Lair: D:8-11         Orc: D:9-12

Altars:
Elyvilon
Fedhas
Kikubaaqudgha
Nemelex Xobeh
Okawaru
Ru
Xom
Yredelemnul
Zin

Annotations:
D:4 Blork the orc


Innate Abilities, Weirdness & Mutations

You reflexively headbutt those who attack you in melee.
You have a pair of horns on your head.


Message History

You feel sick. The wasp stings you.
* * * LOW HITPOINT WARNING * * *
You are more poisoned.
You feel as though you will be slow longer.
You block the crimson imp's attack. The wasp stings you.
* * * LOW HITPOINT WARNING * * *
You are more poisoned.
The crimson imp hits you.
* * * LOW HITPOINT WARNING * * *
You feel sick. You block the wasp's attack.
The electric eel shoots out a bolt of lightning at you!
The bolt of electricity hits you!
* * * LOW HITPOINT WARNING * * *
You block the wasp's attack.
* * * LOW HITPOINT WARNING * * *
You feel sick.
The electric eel shoots out a bolt of lightning at you!
The bolt of electricity hits you!
You die...
Your body glows with a rainbow of weird colours and disappears.

≈≈≈≈≈≈≈≈≈≈≈≈≈≈≈≈≈≈
≈≈≈≈≈≈≈≈≈≈≈;≈≈≈≈≈≈≈
...................
......##...........
......................
#.?...................
#.........!...........
#............5........
............@y........
......................
..............###.....
.....<.<......# .....
......<.......###.....
......................
..................
#.................
#.................


You could see a wasp, an electric eel and a crimson imp.

Vanquished Creatures
  Pikel (D:7)
  A two-headed ogre (D:5)
  A hungry ghost (D:7)
  A hippogriff (D:7)
  3 ice beasts
  A phantom (D:7)
  An orc warrior (D:8)
  A black bear (D:7)
  3 ogres
  3 centaurs
  A big kobold (D:7)
  2 giant frogs
  3 howler monkeys
  3 wights (D:7)
  2 crimson imps
  2 giant frog zombies
  5 jellies
  2 centaur skeletons
  An orc priest (D:4)
  3 hounds
  5 orc wizards
  Natasha (thrice) (D:2)
  5 worker ants
  A killer bee zombie (D:6)
  A hound zombie (D:8)
  2 worker ant zombies
  Robin (D:4)
  A howler monkey skeleton (D:6)
  9 gnolls
  9 adders
  A shadow imp (D:7)
  6 oozes
  An adder zombie (D:6)
  An adder skeleton (D:7)
  A worm (D:3)
  2 dart slugs
  2 giant geckos
  14 orcs
  7 bats
  4 giant cockroaches
  12 goblins
  9 hobgoblins
  11 jackals
  6 kobolds
  4 quokkas
  A giant gecko skeleton (D:4)
  A giant gecko zombie (D:7)
  6 giant newts
  A jackal skeleton (D:6)
  6 rats
  3 bushes (D:4)
  3 plants (D:4)
179 creatures vanquished.

Vanquished Creatures (collateral kills)
  A hippogriff (D:9)
  Menkaure (D:6)
  An orc warrior (D:8)
  A giant frog (D:5)
  A wight (D:7)
  A howler monkey (D:4)
  An orc wizard (D:8)
  A hound zombie (D:7)
  2 gnolls (D:4)
  2 orcs (D:8)
  A giant cockroach (D:2)
  2 kobolds (D:2)
  A giant gecko skeleton (D:7)
16 creatures vanquished.

Vanquished Creatures (others)
  A crimson imp (D:7)
1 creature vanquished.

Grand Total: 196 creatures vanquished

Notes
Turn   | Place    | Note
--------------------------------------------------------------
     0 | D:1      | Inkary the Minotaur Fighter began the quest for the Orb.
     0 | D:1      | Reached XP level 1. HP: 19/19 MP: 0/0
   553 | D:2      | Reached XP level 2. HP: 27/27 MP: 1/1
   729 | D:2      | Reached XP level 3. HP: 30/33 MP: 2/2
   769 | D:2      | Found a sparkling altar of Nemelex Xobeh.
   824 | D:2      | Noticed Natasha
   836 | D:2      | Killed Natasha
   865 | D:2      | Became a worshipper of Nemelex Xobeh the Trickster
   933 | D:2      | Reached XP level 4. HP: 28/40 MP: 3/3
   950 | D:2      | Received a gift from Nemelex Xobeh
   959 | D:2      | Noticed a vampire mosquito
   959 | D:2      | Noticed a vampire mosquito
  1091 | D:2      | Found a basalt altar of Yredelemnul.
  1200 | D:2      | Noticed Natasha
  1204 | D:2      | Killed Natasha
  1466 | D:2      | Noticed Natasha
  1472 | D:2      | Killed Natasha
  1472 | D:2      | Reached XP level 5. HP: 42/47 MP: 4/4
  1491 | D:3      | Found a faded altar to an unknown god.
  1574 | D:3      | Reached * piety under Nemelex Xobeh
  1744 | D:3      | Reached skill level 5 in Armour
  1745 | D:3      | Found a sacrificial altar of Ru.
  1747 | D:3      | Found a glowing silver altar of Zin.
  1748 | D:3      | Found an iron altar of Okawaru.
  1749 | D:3      | Found a blossoming altar of Fedhas.
  1905 | D:3      | Reached skill level 1 in Evocations
  2071 | D:4      | Received a gift from Nemelex Xobeh
  2075 | D:4      | Found a white marble altar of Elyvilon.
  2106 | D:4      | Found a shimmering altar of Xom.
  2106 | D:4      | Noticed Blork the orc
  2119 | D:4      | Reached XP level 6. HP: 55/55 MP: 5/5
  2136 | D:4      | Reached skill level 5 in Fighting
  2136 | D:4      | Reached skill level 5 in Shields
  2184 | D:4      | Noticed Robin
  2263 | D:4      | Killed Robin
  2609 | D:4      | Reached ** piety under Nemelex Xobeh
  3011 | D:5      | Entered Level 5 of the Dungeon
  3119 | D:5      | Reached XP level 7. HP: 61/61 MP: 7/7
  3183 | D:5      | Reached skill level 5 in Maces & Flails
  3203 | D:5      | Received a gift from Nemelex Xobeh
  3747 | D:5      | Found a staircase to the Ecumenical Temple.
  3896 | D:6      | Noticed Menkaure
  3900 | D:6      | Noticed a two-headed ogre
  3904 | D:5      | Reached XP level 8. HP: 48/70 MP: 9/9
  4022 | D:5      | Killed a two-headed ogre
  4298 | D:6      | Killed Menkaure
  4311 | D:6      | Received a gift from Nemelex Xobeh
  4642 | D:7      | Found an ancient bone altar of Kikubaaqudgha.
  4709 | D:7      | Reached XP level 9. HP: 67/79 MP: 11/11
  4722 | D:7      | Noticed Pikel
  4733 | D:7      | Killed Pikel
  5066 | D:7      | Received a gift from Nemelex Xobeh
  5313 | D:8      | Reached skill level 5 in Evocations
  5444 | D:8      | Reached *** piety under Nemelex Xobeh
  5508 | D:8      | Learned a level 2 spell: Blink
  5528 | D:8      | Received a gift from Nemelex Xobeh
  5636 | D:8      | Drew Focus: Str increased to 22, Int decreased to 4
  6228 | D:9      | HP: 4/82 [electric eel/bolt of electricity (15)]
  6229 | D:9      | Killed from afar by an electric eel

Skill      XL: |  1  2  3  4  5  6  7  8  9 |
---------------+----------------------------+-----
Maces & Flails | 3 4 5 6 8 |  8.0
Armour         | 4 5 6 7 8 |  8.7
Shields        | 4 5 6 7 8 |  8.5
Fighting       | 4 5 6 7 8 |  8.7
Evocations     | 1 2 4 5 |  5.3

Action                   |  1- 3 |  4- 6 |  7- 9 || total
-------------------------+-------+-------+-------++-------
Melee: Flail             |    79 |   174 |   245 ||   498
       Headbutt          |    10 |    32 |    60 ||   102
Invok: Triple Draw       |       |       |     1 ||     1
Evoke: Deck              |       |     8 |    20 ||    28
  Use: Scroll            |       |       |     7 ||     7
 Stab: Invisible         |       |       |     2 ||     2
       Sleeping          |       |       |     2 ||     2
  Eat: Chunk             |       |     7 |    10 ||    17
       Royal jelly       |       |       |     1 ||     1
Armor: Scale mail        |    43 |    87 |    91 ||   221
       Leather armour    |       |       |    27 ||    27
Dodge: Dodged            |    22 |    56 |   101 ||   179
Block: Shield            |    35 |    98 |   142 ||   275
